Map: Chantier naval orbital

Players

Meldo - Winner!

  • Race: Zerg Zerg
  • League: Grandmaster

AgCl

  • Race: Protoss Protoss
  • League: Grandmaster

VOD

Have the link to the VOD?

Description

Time

  • Played on: July 14, 2015, 3:30 a.m.
  • Length: 13:00
Show
View Real Time Build Order
Export as new Build Order

Meldo Zerg - Winner!

Build Orders: Hatch First 

Get SALT Encoding   

  12  0:01  Drone  
  13  0:10  Drone  
  14  0:17  Overlord  
  14  0:29  Drone, Extractor  
  15  0:37  Drone x2  
  17  0:54  Hatchery  
  16  0:57  Drone  
  16  0:58  Drone  
  18  1:12  Spawning Pool  
  18  1:15  Drone  
  18  1:19  Drone  
  19  1:28  Drone  
  20  1:38  Overlord  
  20  1:59  Queen  
  20  2:01  Zergling x4  
  23  2:07  Queen  
  26  2:09  Drone  
  27  2:15  Drone  
  28  2:25  Overlord  
  28  2:35  Queen  
  29  2:46  Drone x5  
  29  2:47  Queen  
  29  2:49  Overlord  
  36  2:56  Extractor  
  36  2:58  Extractor  
  34  3:04  Drone  
  34  3:05  Drone  
  36  3:12  Drone x5  
  41  3:17  Extractor x2  
  41  3:18  Drone x5  
  44  3:24  Drone  
  44  3:25  Spore Crawler  
  44  3:30  Drone  
  44  3:31  Spore Crawler  
  44  3:41  Drone x2  
  46  3:43  Lair  
  46  3:48  Drone  
  46  3:49  Drone  
  46  3:50  Drone x3  
  51  4:00  Drone  
  51  4:01  Overlord  
  52  4:08  Roach Warren  
  51  4:27  Queen  
  53  4:34  Hatchery  
  51  4:57  Drone x4  
  54  5:01  Queen  
  54  5:02  Nydus Network  
  54  5:03  Queen  
  54  5:05  Overlord x3, Glial Reconstitution  
  57  5:10  Overseer  
  57  5:13  Overlord  
  57  5:25  Roach x6  
  57  5:26  Roach x2  
  73  5:29  Roach x2  
  77  5:41  Queen  
  79  5:50  Nydus Canal  
  79  5:53  Evolution Chamber  
  77  5:59  Queen  
  79  6:14  Spore Crawler  
  78  6:24  Drone x3  
  81  6:27  Drone x3  
  81  6:30  Spire  
  81  6:34  Zerg Missile Weapons Level 1  
  75  6:51  Roach  
  75  6:52  Roach x6  
  89  6:54  Overlord x4  
  89  6:55  Overlord  
  89  7:02  Overseer  
  89  7:10  Roach  
  89  7:25  Roach  
  89  7:26  Roach x8  
  107  7:33  Queen x2  
  111  7:47  Zerg Flyer Weapons Level 1  
  111  7:48  Drone  
  111  7:49  Drone x8  
  120  8:06  Drone x2  
  120  8:08  Overlord x2  
  122  8:14  Infestation Pit  
  121  8:20  Burrow  
  121  8:26  Overlord x3, Queen  
  123  8:29  Overlord, Zerg Missile Weapons Level 2  
  123  8:39  Drone x7  
  130  8:42  Extractor  
  130  8:45  Overseer  
  130  8:56  Drone  
  130  8:57  Drone x5  
  130  8:58  Drone x5  
  141  9:14  Overseer  
  141  9:18  Overlord x3  
  141  9:19  Hive  
  141  9:30  Extractor  
  140  9:35  Extractor  
  140  9:37  Metabolic Boost, Evolution Chamber  
  138  9:46  Hatchery  
  131  9:56  Corruptor x12  
  141  10:15  Queen x2  
  141  10:19  Corruptor x3  
  145  10:28  Corruptor x2  
  135  10:45  Viper x2  
  141  10:50  Queen  
  143  10:59  Queen  
  143  11:00  Spore Crawler  
  143  11:01  Drone x9  
  143  11:02  Drone, Spore Crawler  
  153  11:07  Corruptor  
  153  11:11  Queen  
  157  11:21  Extractor  
  157  11:22  Extractor  
  155  11:32  Tunneling Claws  
  155  11:38  Roach  
  155  11:40  Roach x13  
  155  11:48  Corruptor  
  155  11:49  Corruptor x4  
  157  12:10  Corruptor x3  
  161  12:23  Corruptor  
  161  12:24  Corruptor  
  161  12:26  Zergling x14  
  161  12:27  Zergling x16  
Show
View Real Time Build Order
Export as new Build Order

AgCl Protoss 

Build Orders: Oracle Opening, Carrier Rush 

Get SALT Encoding   

  12  0:12  Pylon  
  12  0:24  Probe  
  13  0:31  Gateway  
  13  0:37  Probe  
  14  0:44  Assimilator  
  14  0:49  Probe  
  15  1:00  Pylon  
  15  1:01  Probe (Chrono Boost)  
  17  1:12  Probe (Chrono Boost)  
  17  1:18  Zealot (Chrono Boost)  
  19  1:19  Probe (Chrono Boost)  
  20  1:26  Cybernetics Core  
  20  1:30  Probe (Chrono Boost)  
  21  1:40  Assimilator  
  21  1:42  Probe (Chrono Boost)  
  22  1:49  Probe (Chrono Boost)  
  23  1:59  Probe  
  24  2:07  Stargate  
  24  2:11  Probe (Chrono Boost)  
  25  2:21  Probe (Chrono Boost)  
  25  2:22  Warp Gate  
  26  2:28  Probe  
  27  2:40  Probe  
  26  2:49  Nexus, Oracle (Chrono Boost)  
  29  3:04  Gateway  
  29  3:07  Probe, Pylon  
  30  3:24  Pylon  
  30  3:30  Probe  
  30  3:33  Fleet Beacon  
  30  3:34  Pylon  
  30  3:42  Probe  
  32  3:56  Probe (Chrono Boost)  
  32  4:00  Gateway  
  32  4:02  Gateway  
  33  4:03  Probe (Chrono Boost)  
  33  4:04  Carrier (Chrono Boost)  
  33  4:09  Probe (Chrono Boost)  
  34  4:13  Probe (Chrono Boost)  
  36  4:17  Probe (Chrono Boost)  
  36  4:23  Probe (Chrono Boost)  
  37  4:30  Probe  
  44  4:33  Assimilator  
  44  4:36  Probe (Chrono Boost)  
  45  4:42  Probe (Chrono Boost)  
  46  4:51  Probe (Chrono Boost)  
  46  4:52  Probe (Chrono Boost)  
  48  4:57  Pylon  
  50  5:00  Probe (Chrono Boost)  
  50  5:01  Probe (Chrono Boost)  
  50  5:05  Graviton Catapult  
  50  5:09  Assimilator  
  50  5:11  Probe (Chrono Boost)  
  50  5:12  Pylon  
  50  5:13  Probe (Chrono Boost)  
  52  5:16  Protoss Air Weapons Level 1  
  52  5:18  Carrier (Chrono Boost)  
  52  5:21  Probe (Chrono Boost)  
  54  5:22  Probe (Chrono Boost)  
  54  5:29  Probe  
  54  5:30  Probe  
  54  5:34  Pylon  
  62  5:46  Probe  
  62  5:47  Probe, Pylon  
  64  5:54  Gateway  
  64  5:58  Probe (Chrono Boost)  
  64  6:03  Probe (Chrono Boost)  
  66  6:10  Probe (Chrono Boost), Adept x4  
  76  6:14  Probe (Chrono Boost)  
  76  6:16  Mothership Core (Chrono Boost)  
  78  6:18  Carrier (Chrono Boost)  
  56  6:34  Probe  
  62  6:40  Adept  
  62  6:41  Adept  
  62  6:43  Adept x2  
  62  6:46  Adept x2  
  66  6:48  Probe  
  67  6:56  Probe  
  67  7:00  Probe  
  69  7:03  Adept x3  
  69  7:04  Pylon  
  75  7:20  Carrier (Chrono Boost)  
  62  7:43  Probe (Chrono Boost)  
  61  7:46  Probe (Chrono Boost)  
  61  7:47  Pylon  
  64  7:58  Probe (Chrono Boost)  
  64  8:01  Probe (Chrono Boost)  
  64  8:16  Probe (Chrono Boost)  
  64  8:19  Probe (Chrono Boost)  
  66  8:22  Nexus  
  68  8:27  Probe (Chrono Boost)  
  68  8:28  Probe (Chrono Boost), Protoss Air Weapons Level 2 (Chrono Boost)  
  69  8:34  Probe  
  69  8:40  Probe (Chrono Boost)  
  70  8:48  Carrier (Chrono Boost)  
  71  8:52  Probe x2 (Chrono Boost)  
  71  8:56  Pylon  
  71  8:59  Probe x2 (Chrono Boost)  
  72  9:10  Probe  
  72  9:11  Adept x2  
  83  9:23  Nexus  
  83  9:25  Pylon  
  83  9:28  Gateway  
  83  9:36  Stargate  
  83  9:45  Carrier (Chrono Boost)  
  85  10:16  Assimilator  
  85  10:21  Gateway  
  85  10:22  Assimilator  
  85  10:25  Pylon  
  79  10:37  Void Ray (Chrono Boost)  
  83  10:48  Adept  
  83  10:49  Adept x3  
  85  10:50  Stalker  
  85  10:54  Probe (Chrono Boost)  
  90  11:00  Probe x2 (Chrono Boost)  
  90  11:03  Probe (Chrono Boost)  
  91  11:06  Probe (Chrono Boost)  
  92  11:14  Void Ray (Chrono Boost)  
  97  11:27  Nexus  
  97  11:28  Probe (Chrono Boost), Pylon  
  97  11:30  Probe (Chrono Boost), Carrier (Chrono Boost)  
  99  11:34  Pylon  
  99  11:35  Probe (Chrono Boost)  
  104  12:00  Forge  
  104  12:07  Void Ray (Chrono Boost)  
  98  12:23  Stalker x3  
Tags
 
Add a new tag
Caveats
  • Supply blocks, unpowered buildings, or Contaminate may cause inaccurate times.
  • Supply counts are checked every 10 seconds.